 Dungeon Crawl Stone Soup version 0.29-a0-234-g0dae59b3db (webtiles) character file.

Game seed: 9582078887172755908

39 sammy202020 the Skirmisher (level 3, -1/29 HPs)
             Began as a Demonspawn Berserker on Mar 2, 2022.
             Was a Believer of Trog.
             Slain by a gnoll
             ... wielding a +0 flail
              (5 damage)
             ... on level 2 of the Dungeon.
             The game lasted 00:02:30 (1790 turns).

sammy202020 the Skirmisher (Demonspawn Berserker)   Turns: 1790, Time: 00:02:30

Health: -1/29      AC:  6    Str: 19    XL:     3   Next: 26%
Magic:  3/3        EV: 11    Int:  8    God:    Trog [**....]
Gold:   31         SH:  0    Dex: 12    Spells: 2/2 levels left

rFire   . . .      SeeInvis .   a - +0 mace
rCold   . . .      Faith    .   (no shield)
rNeg    . . .      Spirit   .   e - +0 ring mail
rPois   .          Reflect  .   (no helmet)
rElec   .          Harm     .   b - +0 cloak
rCorr   .          Rampage  .   (no gloves)
Will    .....                   (no boots)
Stlth   +.........              (no amulet)
HPRegen 0.09/turn               (no ring)
MPRegen 0.08/turn               (no ring)

@: no status effects
A: hooves 1, ignite blood 1
a: Renounce Religion, Berserk, Trog's Hand


You were on level 2 of the Dungeon.
You worshipped Trog.
Trog was pleased with you.
You visited 1 branch of the dungeon, and saw 2 of its levels.

You collected 31 gold pieces.

Inventory:

Hand Weapons
 a - a +0 mace (weapon)
Armour
 b - a +0 cloak (worn)
 e - a +0 ring mail (worn)
Jewellery
 h - a ring of magical power
Scrolls
 c - a scroll of enchant armour {unknown}
 d - 2 scrolls of identify {unknown}
 i - a scroll of immolation {unknown}
 j - a scroll of vulnerability {unknown}
 k - a scroll of blinking {unknown}
Potions
 f - a potion of curing {unknown}
 g - 2 potions of attraction {unknown}


   Skills:
 + Level 3.3 Fighting
 + Level 3.1 Maces & Flails
 + Level 2.2 Armour
 + Level 2.2 Dodging


You had 2 spell levels left.
You didn't know any spells.
Your spell library was empty.

Dungeon Overview and Level Annotations

Branches:
Dungeon (2/15)

Altars:


Innate Abilities, Weirdness & Mutations

You have large cloven feet.
Your demonic aura sometimes causes spilled blood to erupt in flames.


Message History

You see here a worm corpse.
You hit the bat but do no damage. Your kick misses the bat.
The bat closely misses you.
You miss the bat. The bat hits you but does no damage.
The bat barely misses you.
You are too injured to fight recklessly!
You are too injured to fight recklessly!
You are too injured to fight recklessly!
You barely miss the bat. Your punch misses the bat. The bat barely misses you.
You barely miss the bat. The bat hits you but does no damage.
You hit the bat. Your kick misses the bat.
The bat is severely wounded.
The bat hits you but does no damage. x2
You barely miss the bat.
The bat is severely wounded.
The bat hits you.
You barely miss the bat. You kick the bat.
You kill the bat!
Trog accepts your kill.
You see here a worm corpse.
You now have 31 gold pieces (gained 10).
A gnoll comes into view. It is wielding a +0 flail.
A gnoll is nearby!
A gnoll comes into view. It is wielding a +0 whip.
The gnoll shouts!
A gnoll comes into view. It is wielding a +0 spear.
The gnoll shouts!
A gnoll comes into view. It is wielding a +0 club.
You closely miss the gnoll. You kick the gnoll, but do no damage.
The gnoll hits you with a +0 flail.
You hit the gnoll. You kick the gnoll.
The gnoll is heavily wounded.
The gnoll hits you with a +0 whip. The gnoll hits you with a +0 flail.
The gnoll completely misses you.
You hit the gnoll.
The gnoll is lightly wounded.
The gnoll hits you with a +0 whip.
* * * LOW HITPOINT WARNING * * *
The gnoll hits you with a +0 flail.
You die...

# #.#####.#
#.#####.......
...........# #. .#
#........# #.######
#..###........# #.......
##............# #..#####
#.............# .[...##
.#..##g.......# #.##.##
....gg.@......# #.#...#
.......g.#########<.###.
.#.>#....††......##.# #.
#. #..#.#######.##.###.
.......#.# #.###...#
##.#####.# #.# #.### #
#.# #.###.# ..# #..†..#
### #######


You could see 4 gnolls.

Vanquished Creatures
  A worm (D:2)
  3 dart slugs
  An endoplasm (D:1)
  A giant cockroach (D:1)
  4 goblins (D:1)
  2 hobgoblins
  4 jackals (D:2)
  A quokka (D:2)
  2 ball pythons (D:2)
  4 bats
  3 kobolds (D:1)
  A rat (D:1)
27 creatures vanquished.

Vanquished Creatures (others)
  5 fungi (D:1)
  2 plants (D:1)
7 creatures vanquished.

Grand Total: 34 creatures vanquished

Notes
Turn   | Place    | Note
-------+----------+-------------------------------------------
     0 | D:1      | sammy202020 the Demonspawn Berserker began the quest for
                  | the Orb.
     0 | D:1      | Reached XP level 1. HP: 18/18 MP: 1/1
   423 | D:1      | Gained mutation: You have large cloven feet. [demonic
                  | ancestry]
   423 | D:1      | Reached XP level 2. HP: 14/24 MP: 2/2
   736 | D:1      | Found a faded altar of an unknown god.
  1540 | D:2      | Reached ** piety under Trog
  1541 | D:2      | Gained mutation: Your demonic aura sometimes causes spilled
                  | blood to erupt in flames. [demonic ancestry]
  1541 | D:2      | Reached XP level 3. HP: 22/29 MP: 3/3
  1790 | D:2      | Slain by a gnoll

Illustrated notes

Levels and vault maps discovered:
D:1:      lightli_arrival_statue_moat, layout_loops_ring,
          shapermc_ecumenical_altar_mp_urbaneastern
D:2:      layout_loops_cross, basic_altar

Skill      XL: |  1  2 |
---------------+-------+-----
Armour         | 2 |  2.2
Dodging        | 2 |  2.2
Maces & Flails | 3 |  3.1
Fighting       | |  3.3

Action                   || total
-------------------------++-------
Melee: Mace              ||   111
       Kick              ||    34
       Punch             ||     2
Armor: Ring mail         ||    36
Dodge: Dodged            ||    38

Table legend: (Time is in decaauts)
 A = Elapsed time spent in this place.
 B = Non-inter-level travel time spent in this place.
 C = Inter-level travel time spent in this place.
 D = Time resting spent in this place.
 E = Time spent auto-exploring this place.
 F = Levels seen in this place.
 G = Mean time per level.
                   A        B        C        D        E       F      G
               +--------+--------+--------+--------+--------+-----+--------+
         Total |   1816 |   1752 |     64 |    243 |   1123 |   2 |  908.0 |
       Dungeon |   1816 |   1752 |     64 |    243 |   1123 |   2 |  908.0 |
               +--------+--------+--------+--------+--------+-----+--------+

Top non-repeatable levels by time:
     D:1: 1515 daAuts
     D:2: 301 daAuts
